 Dungeon Crawl Stone Soup version 0.28.0-53-g5a82cb258f (webtiles) character file.

Game seed: 2846757985091918889

69 Acheron the Magician (level 4, -1/31 HPs)
             Began as a Human Hedge Wizard on July 3, 2022.
             Slain by a necrophage (2 damage)
             ... on level 3 of the Dungeon.
             The game lasted 00:05:08 (1209 turns).

Acheron the Magician (Human Hedge Wizard)           Turns: 1209, Time: 00:05:08

Health: -1/31      AC:  4    Str: 11    XL:     4   Next: 42%
Magic:  9/9        EV: 12    Int: 14    God:
Gold:   34         SH:  0    Dex: 14    Spells: 4/9 levels left

rFire   . . .      SeeInvis .   f - +2 dagger (venom)
rCold   . . .      Faith    .   (no shield)
rNeg    . . .      Spirit   .   b - +0 robe
rPois   .          Reflect  .   c - +0 hat
rElec   .          Harm     .   g - +1 cloak
rCorr   .          Rampage  .   (no gloves)
Will    .....                   (no boots)
Stlth   ++........              (no amulet)
HPRegen 0.10/turn               (no ring)
MPRegen 0.11/turn               (no ring)

@: no status effects
A: no striking features
a: no special abilities


You were on level 3 of the Dungeon.
You visited 1 branch of the dungeon, and saw 3 of its levels.

You collected 34 gold pieces.

Inventory:

Hand Weapons
 f - a +2 dagger of venom (weapon)
Missiles
 a - 36 sling bullets
Armour
 b - a +0 robe (worn)
 c - a +0 hat (worn)
 g - a +1 cloak (worn)
Scrolls
 e - a scroll of silence {unknown}
Potions
 d - a potion of flight {unknown}
 h - 2 potions of curing {unknown}


   Skills:
 * Level 0.7 Fighting
 * Level 1.1 Short Blades
 * Level 2.4 Dodging
 * Level 2.3 Stealth
 + Level 3.4 Spellcasting
 * Level 1.4 Conjurations
 * Level 1.3 Summonings
 * Level 1.4 Translocations


You had 4 spell levels left.
You knew the following spells:

 Your Spells              Type           Power      Damage    Failure   Level
a - Magic Dart            Conj           24%        1d4       12%         1
b - Blink                 Tloc           12%        N/A       17%         2
c - Call Imp              Summ           6%         N/A       19%         2

Your spell library contained the following spells:

 Spells                   Type           Power      Damage    Failure   Level
 Slow                     Hex            8%         N/A       21%         1
 Conjure Flame            Conj/Fire      4%         6-21      43%         3
 Mephitic Cloud           Conj/Pois/Air  3%         N/A       45%         3


Dungeon Overview and Level Annotations

Branches:
Dungeon (3/15)

Altars:


Message History

The giant cockroach is severely wounded.
You kill the giant cockroach!
Things that are here:
a giant cockroach corpse; a quokka corpse
Found a robe.
You see here a +0 robe.
Found a ring mail.
Found 18 arrows.
An orc priest comes into view. It is wielding a +0 club.
Found a stone staircase leading down and a stone staircase leading up.
The orc priest shouts!
You hear a shout!
You hear an angry hiss.
The orc priest mumbles some strange prayers to Beogh against you.
Beogh smites you!
Ouch! That really hurt!
An orc priest, a frilled lizard and a goblin come into view.
Found an escape hatch in the floor.
The goblin shouts!
The orc priest shouts!
The orc priest moves out of view.
An orc comes into view. It is wielding a +0 whip.
You hit the orc priest.
The orc priest is poisoned.
The orc priest is lightly wounded.
A necrophage comes into view.
The orc priest hits you with a +0 club.
You hit the orc priest.
The orc priest looks as sick as possible!
The orc priest is lightly wounded.
The orc priest barely misses you. The necrophage hits you.
* * * LOW HITPOINT WARNING * * *
You feel drained.
* * * LOW HITPOINT WARNING * * *
You kill the orc priest!
Your life force feels restored.
Your Short Blades skill increases to level 1!
You have reached level 4!
You feel stronger.
You barely miss the necrophage. The necrophage hits you.
* * * LOW HITPOINT WARNING * * *
You barely miss the necrophage. The necrophage hits you.
You die...

#.⌠...8...l.#.>
#......#
.......o..oo...
#.#.#.## #.#o#
##...## #..g#
#####...##
#.).# #.....###
#..l# #.#####
#...# #.#
#..g######.#
#...ln@....#
############


You could see a necrophage, a goblin and a frilled lizard.

Vanquished Creatures
  An orc priest (D:3)
  An adder (D:3)
  A ball python (D:2)
  4 giant cockroaches
  4 goblins
  4 hobgoblins (D:2)
  2 jackals (D:2)
  A kobold (D:2)
  A quokka (D:3)
  2 bats (D:2)
  3 frilled lizards
  2 rats
26 creatures vanquished.

Vanquished Creatures (others)
  27 plants (D:1)
27 creatures vanquished.

Grand Total: 53 creatures vanquished

Notes
Turn   | Place    | Note
-------+----------+-------------------------------------------
     0 | D:1      | Acheron the Human Hedge Wizard began the quest for the Orb.
     0 | D:1      | Reached XP level 1. HP: 13/13 MP: 4/4
   463 | D:2      | Reached XP level 2. HP: 19/19 MP: 1/6
   688 | D:2      | Reached XP level 3. HP: 24/24 MP: 7/7
   858 | D:3      | Learned a level 2 spell: Blink
   861 | D:3      | Learned a level 2 spell: Call Imp
   932 | D:3      | Found a faded altar of an unknown god.
  1198 | D:3      | Noticed a necrophage
  1204 | D:3      | Reached skill level 1 in Short Blades
  1204 | D:3      | Reached XP level 4. HP: 3/31 MP: 9/9
  1207 | D:3      | HP: 1/31 [necrophage (2)]
  1209 | D:3      | Slain by a necrophage

Illustrated notes

Levels and vault maps discovered:
D:1:      roderic_crop_circles_arrival_small, layout_rooms,
          serial_bayou_lagoon_a
D:2:      cheibrodos_greedy_goblins, layout_rooms, minmay_pentomino_r2
D:3:      layout_loops_ring, shapermc_ecumenical_altar_hornbeckon,
          nicolae_elevator_lobby_plus

Skill      XL: |  1  2  3 |
---------------+----------+-----
Short Blades   | 1 |  1.1
Fighting       | |  0.7
Dodging        | |  2.4
Stealth        | |  2.3
Spellcasting   | |  3.4
Conjurations   | |  1.4
Summonings     | |  1.3
Translocations | |  1.4

Action                   |  1- 3 |  4- 6 || total
-------------------------+-------+-------++-------
Melee: Dagger            |    49 |     2 ||    51
       Punch             |     2 |       ||     2
 Cast: Magic Dart        |    10 |       ||    10
       Call Imp          |     1 |       ||     1
 Stab: Sleeping          |     2 |       ||     2
Armor: Robe              |     7 |       ||     7
Dodge: Dodged            |    27 |       ||    27
